 Dungeon Crawl Stone Soup version 0.21.1-1-g345015f (webtiles) character file.

539 Kagorn the Poker (level 7, -1/64 HPs)
             Began as a Naga Gladiator on June 12, 2018.
             Was an Initiate of Dithmenos.
             Slain by an orc
             ... wielding a +0 falchion
              (4 damage)
             ... on level 4 of the Dungeon.
             The game lasted 00:28:10 (2939 turns).

Kagorn the Poker (Naga Gladiator)                   Turns: 2939, Time: 00:28:11

Health: -1/64      AC:  6    Str: 18    XL:     7   Next: 26%
Magic:  7/7        EV: 10    Int:  9    God:    Dithmenos [......]
Gold:   167        SH:  4    Dex: 12    Spells: 6/6 levels left

rFire    + . .     SeeInvis +   a - +1 trident
rCold    + . .     Gourm    .   e - +0 buckler
rNeg     . . .     Faith    .   b - +0 leather armour
rPois    +         Spirit   .   c - +0 helmet
rElec    +         Reflect  .   (no cloak)
rCorr    +         Harm     .   n - +0 pair of gloves
MR       .....                  (no barding)
Stlth    ++........             (no amulet)
HPRegen  0.20/turn              (no ring)
MPRegen  0.10/turn              (no ring)

@: resistant, very slow
A: large, see invisible, deformed body, poison resistance, slowness 2, slow
metabolism 1, spit poison 1, AC +2
a: Spit Poison, Renounce Religion


You were on level 4 of the Dungeon.
You worshipped Dithmenos.
Dithmenos was noncommittal.
You were not hungry.

You visited 1 branch of the dungeon, and saw 4 of its levels.

You collected 167 gold pieces.

Inventory:

Hand Weapons
 a - a +1 trident (weapon)
Missiles
 d - 3 throwing nets (quivered)
Armour
 b - a +0 leather armour (worn)
 c - a +0 helmet (worn)
 e - a +0 buckler (worn)
 i - a +0 helmet
 n - a +0 pair of gloves (worn)
Scrolls
 h - 8 scrolls of identify
 l - a scroll of remove curse
 m - a scroll of teleportation
Potions
 j - a potion of flight
Comestibles
 f - 3 rations


   Skills:
 * Level 4.2 Fighting
 * Level 4.7 Polearms
 - Level 2.0 Throwing
 + Level 1.9 Armour
 + Level 3.2 Dodging
 + Level 3.5 Stealth
 + Level 1.8 Shields


You had 6 spell levels left.
You didn't know any spells.

Dungeon Overview and Level Annotations

Branches:
Dungeon (4/15)
 Temple: D:4-7

Altars:
Dithmenos
Sif Muna


Innate Abilities, Weirdness & Mutations

You cannot wear boots.
Your serpentine skin is tough. (AC +2)
You have supernaturally acute eyesight. (SInv)
Armour fits poorly on your strangely shaped body.
Your system is resistant to poisons. (rPois)
You cover ground very slowly.
You have a slow metabolism.
You can spit poison.


Message History

It was a potion of resistance.
You feel protected. The orc wizard casts a spell at you.
The magic dart hits you!
* * * LOW HITPOINT WARNING * * *
The orc hits you with a falchion.
* * * LOW HITPOINT WARNING * * *
The orc wizard hits you but does no damage.
Unknown command.
You puncture the orc wizard!
You kill the orc wizard!
Dithmenos accepts your kill. The orc hits you but does no damage.
You closely miss the orc wizard.
The orc wizard hits you but does no damage.
The orc barely misses you.
You puncture the orc wizard!
The orc wizard is heavily wounded.
The orc wizard barely misses you. The orc hits you with a falchion.
You die...

##.. ... ... ....
.###.. #oo# ......
#..## #
....####...##.# .
.... .......#
....###.###.o.....
........o@oo#
....###.###.# $ #.#
#.# #.###.# ..#...#
..#.#.# ..#..
...#.###. ..#..
...#.###... ..#.#
######'##....#+#.#.#


You could see an orc wizard and 3 orcs.

Vanquished Creatures
  A sky beast (D:3)
  4 orc priests (D:4)
  5 orc wizards
  3 gnolls (D:3)
  6 adders
  An ooze (D:2)
  4 worms (D:3)
  2 dart slugs
  2 leopard geckos (D:2)
  5 orcs
  2 ball pythons
  13 bats
  3 giant cockroaches
  10 goblins
  13 hobgoblins
  2 jackals (D:3)
  2 quokkas (D:2)
  4 frilled lizards
  10 kobolds
  7 rats
99 creatures vanquished.

Notes
Turn   | Place    | Note
-------+----------+-------------------------------------------
     0 | D:1      | Kagorn the Naga Gladiator began the quest for the Orb.
     0 | D:1      | Reached XP level 1. HP: 19/19 MP: 1/1
    67 | D:1      | Reached XP level 2. HP: 1/26 MP: 2/2
   537 | D:1      | Reached skill level 1 in Stealth
   551 | D:1      | Reached XP level 3. HP: 13/33 MP: 3/3
  1203 | D:2      | Reached XP level 4. HP: 31/40 MP: 4/4
  1414 | D:2      | Reached skill level 1 in Armour
  1905 | D:3      | Reached skill level 1 in Shields
  1990 | D:3      | Reached XP level 5. HP: 48/49 MP: 5/5
  2002 | D:3      | Found a deep blue altar of Sif Muna.
  2190 | D:3      | Noticed a sky beast
  2205 | D:3      | Killed a sky beast
  2205 | D:3      | Reached XP level 6. HP: 50/56 MP: 6/6
  2295 | D:3      | Found a shadowy altar of Dithmenos.
  2320 | D:3      | Became a worshipper of Dithmenos the Shadowed
  2909 | D:4      | Reached XP level 7. HP: 63/64 MP: 7/7
  2936 | D:4      | HP: 2/64 [orc/falchion (4)]
  2939 | D:4      | Slain by an orc

Skill      XL: |  1  2  3  4  5  6 |
---------------+-------------------+-----
Stealth        | 1 2 3 |  3.5
Throwing       | 2 |  2.0
Armour         | 1 |  1.9
Shields        | 1 |  1.8
Fighting       | 3 4 |  4.2
Polearms       | 4 |  4.7
Dodging        | 3 |  3.2

Action                   |  1- 3 |  4- 6 |  7- 9 || total
-------------------------+-------+-------+-------++-------
Melee: Trident           |   116 |   187 |    23 ||   326
  Use: Potion            |     1 |       |     6 ||     7
       Scroll            |       |     8 |       ||     8
 Stab: Sleeping          |     2 |     6 |       ||     8
       Distracted        |       |     1 |       ||     1
  Eat: Ration            |       |     2 |       ||     2
       Chunk             |       |     1 |       ||     1
Armor: Leather armour    |    44 |    34 |    10 ||    88
Dodge: Dodged            |    72 |    52 |    13 ||   137
Block: Buckler           |    13 |    18 |     6 ||    37
